cohdb
Replays
Latest Replays
All Replays
Popular Replays
Top Player Replays
Match Explorer
How It Works
Community
CoH3 Stats
Reddit
Sign in to upload your games and track your stats! →
Sign in with Steam
Match 40887529
Unlisted
Match 40887529
Overview
Messages
Build Orders
End
Pioneer Squad
Selects Terror Battlegroup
Selects Machine Gun Camouflage
Construct Infanterie Kompanie
Grenadier Squad
MG 42 Machine Gun Team
GrW 34 Mortar Team
Grenadier Squad
Construct Panzergrenadier Kompanie
Grenadier Squad
Panzergrenadier Squad
Infanterie Officer Quarters
Pak 40 Anti-tank Gun Team
Construct Panzer Kompanie
Selects Interrogate
Selects Propaganda Leaflet Drop
Panzer IV Medium Tank
Pak 40 Anti-tank Gun Team
AI Takeover
PE--nagisa
只愛❤毛妹
0
0
Comments
sign in to comment!
No comments posted yet!